MLB
PITTSBURGH PIRATES @ ARIZONA DIAMONDBACKS
08/02/2098
 
TOP OF THE 1ST
Pittsburgh Pirates batting - Pitching for Arizona Diamondbacks : LHP Justin Vogel
Pitching: LHP Justin Vogel
Batting: RHB Randy Wilson 0-0: Ball
1-0: Swinging Strike
1-1: Ground out 6-3 (Groundball, 56, EV 105.6 MPH)
Batting: RHB Joey Noles 0-0: Ball
1-0: Ball
2-0: Foul Ball, location: 2F
2-1: Foul Ball, location: 5DF
2-2: Foul Ball, location: 9LSFF
2-2: Ball
3-2: Foul Ball, location: 2F
3-2: Foul Ball, location: 23FF
3-2: Foul Ball, location: 3DF
3-2: Base on Balls
Batting: RHB Nate D'Acquisto 0-0: Called Strike
0-1: Ball
1-1: Ball
2-1: DOUBLE (Line Drive, 7LM, EV 99.4 MPH)
Joey Noles to third
Runner from 3rd tries for Home, SAFE, throw by LF to home
Batting: RHB Zachary Gugliotta 0-0: Fly out, F4 (Popup, 4M, EV 51.3 MPH)
Batting: RHB Raul Munoz 0-0: SINGLE (Line Drive, 34D, EV 105.0 MPH)
Nate D'Acquisto to third
Runner from 3rd tries for Home, SAFE, throw by RF to home
Raul Munoz to second
Batting: RHB Carlos Flores 0-0: Ball
1-0: Fly out, F8 (Flyball, 78D, EV 76.9 MPH)
Top of the 1st over - 2 runs, 2 hits, 0 errors, 1 left on base; Pittsburgh 2 - Arizona 0
BOTTOM OF THE 1ST
Arizona Diamondbacks batting - Pitching for Pittsburgh Pirates : RHP Chris Niewinski
Pitching: RHP Chris Niewinski
Batting: RHB Jesse Cavallaro 0-0: Swinging Strike
0-1: Ball
1-1: Ball
2-1: Foul Ball, location: 3SF
2-2: Strikes out looking
Batting: SHB Jose Medina 0-0: Ball
1-0: TRIPLE (Flyball, 9LD, EV 90.6 MPH)
Batting: LHB Mike Tinder 0-0: Foul Ball, location: 25F
0-1: Swinging Strike
0-2: Ball
1-2: Strikes out swinging
Batting: LHB Mario Valdez 0-0: Ball
1-0: Ball
2-0: Called Strike
2-1: Fly out, F7 (Flyball, 7, EV 108.8 MPH)
Bottom of the 1st over - 0 runs, 1 hit, 0 errors, 1 left on base; Pittsburgh 2 - Arizona 0
TOP OF THE 2ND
Pittsburgh Pirates batting - Pitching for Arizona Diamondbacks : LHP Justin Vogel
Batting: RHB Bryan Dannemiller 0-0: Called Strike
0-1: SOLO HOME RUN (Flyball, 7D, EV 95.6 MPH), Distance : 360 ft
Batting: RHB Alex Velazquez 0-0: Foul Ball, location: 23FF
0-1: Foul Ball, location: 2F
0-2: Ball
1-2: Ground out 5-3 (Groundball, 5, EV 89.4 MPH)
Batting: RHB Verner Johannsen 0-0: Ball
1-0: Called Strike
1-1: Foul Ball, location: 5F
1-2: Foul Ball, location: 9LMF
1-2: Foul Ball, location: 25F
1-2: Foul Ball, location: 3F
1-2: Ball
2-2: Ball
3-2: Ground out 5-3 (Groundball, 25, EV 86.9 MPH)
Batting: RHB Randy Wilson 0-0: Foul Ball, location: 25F
0-1: Fly out, F7 (Flyball, 7S, EV 91.3 MPH)
Top of the 2nd over - 1 run, 1 hit, 0 errors, 0 left on base; Pittsburgh 3 - Arizona 0
BOTTOM OF THE 2ND
Arizona Diamondbacks batting - Pitching for Pittsburgh Pirates : RHP Chris Niewinski
Batting: SHB Macario Castro 0-0: Ball
1-0: Ball
2-0: Ball
3-0: Called Strike
3-1: Foul Ball, location: 5F
3-2: Base on Balls
Batting: LHB Travis Lawlor 0-0: Ball
1-0: Ball
2-0: Ball
3-0: Called Strike
3-1: Called Strike
3-2: Fly out, F8 (Flyball, 8LXD, EV 108.1 MPH)
Runner from 1st tags up, SAFE at 2nd
Batting: RHB Gabe Bankole 0-0: Ball
1-0: Ball
2-0: Called Strike
2-1: Ground out 5-3 (Groundball, 56, EV 105.0 MPH)
Batting: RHB Shawn Lindsey 0-0: Called Strike
0-1: Ground out 4-3 (Groundball, 4, EV 82.5 MPH)
Bottom of the 2nd over - 0 runs, 0 hits, 0 errors, 1 left on base; Pittsburgh 3 - Arizona 0
TOP OF THE 3RD
Pittsburgh Pirates batting - Pitching for Arizona Diamondbacks : LHP Justin Vogel
Batting: RHB Joey Noles 0-0: Ball
1-0: Swinging Strike
1-1: Foul Ball, location: 2F
1-2: Strikes out swinging
Batting: RHB Nate D'Acquisto 0-0: Swinging Strike
0-1: Ball
1-1: Foul Ball, location: 9LDF
1-2: Foul Ball, location: 9LSF
1-2: Ground out 5-3 (Groundball, 56, EV 87.5 MPH)
Batting: RHB Zachary Gugliotta 0-0: Ball
1-0: Foul Ball, location: 9LDF
1-1: Ball
2-1: Fly out, F9 (Flyball, 89S, EV 90.6 MPH)
Top of the 3rd over - 0 runs, 0 hits, 0 errors, 0 left on base; Pittsburgh 3 - Arizona 0
BOTTOM OF THE 3RD
Arizona Diamondbacks batting - Pitching for Pittsburgh Pirates : RHP Chris Niewinski
Batting: RHB Kevin Delmotte 0-0: Called Strike
0-1: Reached on error, E2 (Groundball, 15S, EV 68.1 MPH)
Batting: RHB Jesse Cavallaro 0-0: Foul Ball, location: 9LSF
0-1: Ball
1-1: Called Strike
1-2: Fly out, F9 (Flyball, 9LM, EV 98.8 MPH)
Batting: SHB Jose Medina 0-0: Ball
1-0: Swinging Strike
1-1: Ball
2-1: Foul Ball, location: 7LSF
2-2: Ball
3-2: Base on Balls
Kevin Delmotte to second
Batting: LHB Mike Tinder 0-0: Called Strike
0-1: Ball
1-1: Foul Ball, location: 7LMF
1-2: SINGLE (Groundball, 4D, EV 97.5 MPH)
Kevin Delmotte to third
Jose Medina to second
Runner from 3rd tries for Home, SAFE, throw by RF to home
Batting: LHB Mario Valdez 0-0: Swinging Strike
0-1: Called Strike
0-2: Ball
1-2: Strikes out swinging
Batting: SHB Macario Castro 0-0: Fly out, F8 (Flyball, 8LXD, EV 93.8 MPH)
Bottom of the 3rd over - 1 run, 1 hit, 1 error, 2 left on base; Pittsburgh 3 - Arizona 1
TOP OF THE 4TH
Pittsburgh Pirates batting - Pitching for Arizona Diamondbacks : LHP Justin Vogel
Batting: RHB Raul Munoz 0-0: Ball
1-0: Ball
2-0: SINGLE (Groundball, 34D, EV 94.4 MPH)
Batting: RHB Carlos Flores 0-0: Called Strike
0-1: Ball
1-1: Called Strike
1-2: Foul Ball, location: 3F
1-2: Strikes out swinging
Batting: RHB Bryan Dannemiller 0-0: Fielders Choice at 2nd, 6-4 (Groundball, 6S, EV 88.1 MPH)
Batting: RHB Alex Velazquez 0-0: Swinging Strike
0-1: Ball
1-1: Fly out, F8 (Flyball, 8RM, EV 84.4 MPH)
Top of the 4th over - 0 runs, 1 hit, 0 errors, 1 left on base; Pittsburgh 3 - Arizona 1
BOTTOM OF THE 4TH
Arizona Diamondbacks batting - Pitching for Pittsburgh Pirates : RHP Chris Niewinski
Batting: LHB Travis Lawlor 0-0: Foul Ball, location: 2F
0-1: Ball
1-1: Ball
2-1: Ball
3-1: Foul Ball, location: 2F
3-2: Foul Ball, location: 5SF
3-2: Fly out, F7 (Flyball, 7D, EV 105.6 MPH)
Batting: RHB Gabe Bankole 0-0: Foul Ball, location: 2F
0-1: Foul Ball, location: 5FF
0-2: Strikes out swinging
Batting: RHB Shawn Lindsey 0-0: Called Strike
0-1: Ball
1-1: Ground out U3 (Groundball, 34, EV 100.6 MPH)
Bottom of the 4th over - 0 runs, 0 hits, 0 errors, 0 left on base; Pittsburgh 3 - Arizona 1
TOP OF THE 5TH
Pittsburgh Pirates batting - Pitching for Arizona Diamondbacks : LHP Justin Vogel
Batting: RHB Verner Johannsen 0-0: Ball
1-0: Foul Ball, location: 7LMF
1-1: Ball
2-1: Ball
3-1: Base on Balls
Batting: RHB Randy Wilson 0-0: Called Strike
0-1: Ball
1-1: Ball
Passed Ball!
Verner Johannsen to second
2-1: Foul Ball, location: 2F
2-2: Foul Ball, location: 23FF
2-2: Ball
3-2: Foul Ball, location: 3SF
3-2: Base on Balls
Batting: RHB Joey Noles 0-0: Called Strike
0-1: Swinging Strike
0-2: Strikes out swinging
Batting: RHB Nate D'Acquisto 0-0: Called Strike
0-1: Foul Ball, location: 3SF
0-2: Ball
1-2: Ball
2-2: Ball
3-2: Foul Ball, location: 9LMFF
3-2: Reached via error on a dropped throw from P, E6 (Groundball, 13S, EV 75.0 MPH)
Verner Johannsen to third
Randy Wilson to second
Batting: RHB Zachary Gugliotta 0-0: Called Strike
0-1: Swinging Strike
0-2: Ball
1-2: Ball
2-2: GRAND SLAM HOME RUN (Flyball, 78XD, EV 103.1 MPH), Distance : 428 ft
Pitching: LHP Kenny Bollinger
Batting: RHB Jeremiah Coleman 0-0: Ball
1-0: Ball
2-0: SOLO HOME RUN (Flyball, 9LD, EV 95.6 MPH), Distance : 361 ft
Batting: RHB Carlos Flores 0-0: Called Strike
0-1: Fly out, F8 (Flyball, 89M, EV 96.9 MPH)
Batting: RHB Bryan Dannemiller 0-0: Called Strike
0-1: Foul Ball, location: 23F
0-2: SINGLE (Line Drive, 9S, EV 96.9 MPH)
Batting: RHB Alex Velazquez 0-0: Ball
1-0: Called Strike
Pickoff Throw by Catcher to First - Out!
Top of the 5th over - 5 runs, 3 hits, 1 error, 0 left on base; Pittsburgh 8 - Arizona 1
BOTTOM OF THE 5TH
Arizona Diamondbacks batting - Pitching for Pittsburgh Pirates : RHP Chris Niewinski
Batting: RHB Kevin Delmotte 0-0: Fly out, F8 (Flyball, 8LS, EV 80.6 MPH)
Batting: RHB Jesse Cavallaro 0-0: Swinging Strike
0-1: Called Strike
0-2: Ball
1-2: Strikes out swinging
Batting: SHB Jose Medina 0-0: Called Strike
0-1: Fly out, F2 (Popup, 23F, EV 90.0 MPH)
Bottom of the 5th over - 0 runs, 0 hits, 0 errors, 0 left on base; Pittsburgh 8 - Arizona 1
TOP OF THE 6TH
Pittsburgh Pirates batting - Pitching for Arizona Diamondbacks : LHP Kenny Bollinger
Batting: RHB Alex Velazquez 0-0: Swinging Strike
0-1: Ball
1-1: Ball
2-1: SOLO HOME RUN (Flyball, 7D, EV 96.9 MPH), Distance : 360 ft
Batting: RHB Verner Johannsen 0-0: Ball
1-0: Foul Ball, location: 2F
1-1: Ball
2-1: Foul Ball, location: 2F
2-2: Ball
3-2: Foul Ball, location: 23F
3-2: Foul Ball, location: 3F
3-2: Strikes out looking
Pitching: LHP Frank Ippolito
Batting: RHB Randy Wilson 0-0: Called Strike
0-1: Ground out 5-3 (Groundball, 5, EV 103.1 MPH)
Batting: RHB Joey Noles 0-0: Ball
1-0: Ground out 5-3 (Groundball, 5S, EV 84.4 MPH)
Top of the 6th over - 1 run, 1 hit, 0 errors, 0 left on base; Pittsburgh 9 - Arizona 1
BOTTOM OF THE 6TH
Arizona Diamondbacks batting - Pitching for Pittsburgh Pirates : RHP Chris Niewinski
Batting: LHB Mike Tinder 0-0: Called Strike
0-1: Foul Ball, location: 2F
0-2: Ground out 6-3 (Groundball, 6, EV 101.9 MPH)
Batting: LHB Mario Valdez 0-0: DOUBLE (Flyball, 89D, EV 101.3 MPH)
Batting: SHB Macario Castro 0-0: Ball
1-0: Foul Ball, location: 5F
1-1: Swinging Strike
1-2: Ball
2-2: Strikes out swinging, 2-3 out at first.
Batting: LHB Travis Lawlor 0-0: Fly out, F7 (Flyball, 78M, EV 81.9 MPH)
Bottom of the 6th over - 0 runs, 1 hit, 0 errors, 1 left on base; Pittsburgh 9 - Arizona 1
TOP OF THE 7TH
Pittsburgh Pirates batting - Pitching for Arizona Diamondbacks : LHP Frank Ippolito
Batting: RHB Nate D'Acquisto 0-0: Foul Ball, location: 25FF
0-1: Called Strike
0-2: Ball
1-2: Ball
2-2: Ground out 5-3 (Groundball, 56, EV 83.1 MPH)
Batting: RHB Zachary Gugliotta 0-0: Ball
1-0: Ball
2-0: Ball
3-0: Base on Balls
Batting: RHB Jeremiah Coleman 0-0: Called Strike
Zachary Gugliotta steals 2nd base
0-1: Ground out 5-3 (Groundball, 56S, EV 71.3 MPH)
Batting: RHB Carlos Flores 0-0: Ball
1-0: Fly out, F4 (Popup, 4S, EV 61.9 MPH)
Top of the 7th over - 0 runs, 0 hits, 0 errors, 1 left on base; Pittsburgh 9 - Arizona 1
BOTTOM OF THE 7TH
Arizona Diamondbacks batting - Pitching for Pittsburgh Pirates : RHP Chris Niewinski
Batting: RHB Gabe Bankole 0-0: Fly out, F9 (Flyball, 89D, EV 75.0 MPH)
Batting: RHB Shawn Lindsey 0-0: Swinging Strike
0-1: Foul Ball, location: 3SF
0-2: Ball
1-2: Ball
2-2: Strikes out swinging
Batting: RHB Kevin Delmotte 0-0: Called Strike
0-1: Foul Ball, location: 5SF
0-2: Ground out 1-3 (Groundball, 15, EV 75.0 MPH)
Bottom of the 7th over - 0 runs, 0 hits, 0 errors, 0 left on base; Pittsburgh 9 - Arizona 1
TOP OF THE 8TH
Pittsburgh Pirates batting - Pitching for Arizona Diamondbacks : LHP Frank Ippolito
Batting: RHB Bryan Dannemiller 0-0: Called Strike
0-1: Ball
1-1: Ground out 5-3 (Groundball, 5, EV 86.9 MPH)
Batting: RHB Alex Velazquez 0-0: Ball
1-0: Swinging Strike
1-1: Ball
2-1: Foul Ball, location: 2F
2-2: Foul Ball, location: 7LDF
2-2: Strikes out looking
Batting: RHB Verner Johannsen 0-0: Ball
1-0: Ball
2-0: Ball
3-0: Called Strike
3-1: Base on Balls
Pitching: LHP Nehemiah Tatum
Batting: RHB Randy Wilson 0-0: Ball
1-0: Foul Ball, location: 2F
1-1: Called Strike
1-2: Foul Ball, location: 23FF
1-2: Ball
2-2: Ball
3-2: Strikes out swinging
Top of the 8th over - 0 runs, 0 hits, 0 errors, 1 left on base; Pittsburgh 9 - Arizona 1
BOTTOM OF THE 8TH
Arizona Diamondbacks batting - Pitching for Pittsburgh Pirates : RHP Chris Niewinski
Batting: RHB Jesse Cavallaro 0-0: Called Strike
0-1: Ball
1-1: Ball
2-1: Swinging Strike
2-2: Strikes out swinging
Pitching: LHP Gaby Juarbe Jr.
Batting: SHB Jose Medina 0-0: Ball
1-0: SINGLE (Groundball, 34D, EV 99.4 MPH)
Pinch Hitting: LHB Dave Austin 0-0: Foul Ball, location: 7LMFF
0-1: Foul Ball, location: 2F
0-2: Foul Ball, location: 2F
0-2: Ball
1-2: Fly out, F8 (Flyball, 8RD, EV 93.1 MPH)
Batting: RHB Rafael Estrada 0-0: Ball
1-0: Ground out U3 (Groundball, 34S, EV 85.0 MPH)
Bottom of the 8th over - 0 runs, 1 hit, 0 errors, 1 left on base; Pittsburgh 9 - Arizona 1
TOP OF THE 9TH
Pittsburgh Pirates batting - Pitching for Arizona Diamondbacks : LHP Nehemiah Tatum
Now in RF: Dave Austin
Batting: RHB Joey Noles 0-0: Ball
1-0: Ball
2-0: Ball
3-0: Called Strike
3-1: Foul Ball, location: 2F
3-2: Strikes out looking
Batting: RHB Nate D'Acquisto 0-0: Ball
1-0: Called Strike
1-1: Foul Ball, location: 7LMF
1-2: Ball
2-2: Strikes out swinging
Batting: RHB Zachary Gugliotta 0-0: Ball
1-0: Foul Ball, location: 7LDF
1-1: Called Strike
1-2: Ball
2-2: Strikes out swinging
Top of the 9th over - 0 runs, 0 hits, 0 errors, 0 left on base; Pittsburgh 9 - Arizona 1
BOTTOM OF THE 9TH
Arizona Diamondbacks batting - Pitching for Pittsburgh Pirates : LHP Gaby Juarbe Jr.
Batting: SHB Macario Castro 0-0: Fly out, F9 (Flyball, 89S, EV 75.6 MPH)
Batting: LHB Travis Lawlor 0-0: Called Strike
0-1: SOLO HOME RUN (Flyball, 9D, EV 96.9 MPH), Distance : 371 ft
Batting: RHB Gabe Bankole 0-0: Ball
1-0: Ball
2-0: Called Strike
2-1: Fly out, F9 (Flyball, 9S, EV 88.8 MPH)
Batting: RHB Shawn Lindsey 0-0: Swinging Strike
0-1: Swinging Strike
0-2: Ground out 6-3 (Groundball, 6D, EV 101.3 MPH)
Bottom of the 9th over - 1 run, 1 hit, 0 errors, 0 left on base; Pittsburgh 9 - Arizona 2
Thursday, April 11th , 2024 - OOTP Baseball 24.11 Build 85